 Dungeon Crawl Stone Soup version 0.23-a0-650-ga4d50d4 (webtiles) character file.

18697 Firecrotchwizard the Severer (level 12, -9/110 HPs)
             Began as a Hill Orc Gladiator on Jan 5, 2019.
             Was the Champion of Makhleb.
             Engulfed by an ice statue's freezing vapour (17 damage)
             ... in an ice cave on Jan 6, 2019.
             The game lasted 00:30:30 (13333 turns).

Firecrotchwizard the Severer (Hill Orc Gladiator)  Turns: 13333, Time: 00:30:30

Health: -9/110     AC: 25    Str: 24    XL:     12   Next: 61%
Magic:  20/20      EV:  5    Int: 11    God:    Makhleb [******]
Gold:   638        SH: 10    Dex: 16    Spells: 11/11 levels left

rFire    . . .     SeeInvis .   K - +1 war axe "Suiduih" {chop, Int+3} (curse)
rCold    . . .     Gourm    .   C - +2 shield
rNeg     . . .     Faith    .   L - +0 plate armour
rPois    +         Spirit   .   c - +2 helmet
rElec    .         Reflect  .   F - +2 cloak {rPois}
rCorr    .         Harm     .   N - +2 pair of gloves of Coh Tiepre {+Fly Str+2}
MR       .....                  (no boots)
Stlth    ..........             (no amulet)
HPRegen  0.28/turn              T - ring of stealth {Stlth+}
MPRegen  0.17/turn              H - +4 ring of dexterity

@: no status effects
A: no striking features
a: Minor Destruction, Lesser Servant of Makhleb, Major Destruction, Greater
Servant of Makhleb, Renounce Religion, Evoke Flight


You were in an ice cave.
You worshipped Makhleb.
Makhleb was exalted by your worship.
You were not hungry.

You visited 2 branches of the dungeon, and saw 14 of its levels.
You also visited: Ossuary and Ice Cave.

You collected 838 gold pieces.
You spent 200 gold pieces at shops.

Inventory:

Hand Weapons
 b - a +1 hunting sling of freezing
   (You found it on level 1 of the Dungeon)
 K - the cursed +1 war axe "Suiduih" (weapon) {chop, Int+3}
   (You found it on level 6 of the Dungeon)

   It inflicts extra damage upon your enemies.
   It affects your intelligence (+3).
   It has a curse placed upon it.
Missiles
 d - 17 throwing nets {=f, !d}
 I - 7 curare-tipped needles
 J - 106 sling bullets
Armour
 c - a +2 helmet (worn)
 C - a +2 shield (worn)
   (You took it off a gnoll sergeant on level 4 of the Dungeon)
 F - a +2 cloak of poison resistance (worn)
   (You bought it in a shop on level 7 of the Dungeon)
 L - a +0 plate armour (worn)
   (You took it off an orc warrior on level 9 of the Dungeon)
 N - the +2 pair of gloves of Coh Tiepre (worn) {+Fly Str+2}
   (You found it on level 10 of the Dungeon)

   It affects your strength (+2).
   It lets you fly.
Jewellery
 e - an uncursed amulet of faith {Faith, !P}
   (You found it on level 9 of the Dungeon)
 D - an uncursed ring of wizardry {Wiz+, !d}
   (You found it on level 4 of the Dungeon)
 H - a +4 ring of dexterity (right hand)
   (You found it on level 5 of the Dungeon)
 R - an uncursed ring of protection from fire {rF+, !d}
   (You found it on level 2 of the Lair of Beasts)
 T - a ring of stealth (left hand) {Stlth+}
   (You found it on level 3 of the Lair of Beasts)
Wands
 k - a wand of acid (8)
   (You found it on level 2 of the Lair of Beasts)
 r - a wand of iceblast (8)
   (You found it on level 8 of the Dungeon)
 P - a wand of enslavement (12)
   (You found it on level 2 of the Lair of Beasts)
 S - a wand of random effects (13)
   (You found it on level 3 of the Lair of Beasts)
Scrolls
 a - a scroll of fear {unknown}
 g - 3 scrolls of random uselessness {unknown}
 h - a scroll of noise {unknown}
 i - a scroll of enchant weapon
 j - 11 scrolls of identify
 l - a scroll of fog
 p - 7 scrolls of teleportation
 q - 6 scrolls of magic mapping {!r}
 t - 4 scrolls of remove curse
 y - 3 scrolls of amnesia {unknown}
 G - a scroll of enchant armour
 O - a scroll of holy word {unknown}
Potions
 m - 3 potions of flight {unknown}
 n - 2 potions of cancellation {unknown}
 o - 2 potions of degeneration {unknown}
 s - a potion of resistance {unknown}
 u - a potion of agility {unknown}
 v - 4 potions of lignification {unknown}
 w - 6 potions of curing {unknown}
 x - 3 potions of magic {unknown}
 z - 4 potions of heal wounds
 A - a potion of invisibility {unknown}
 B - 4 potions of haste
 E - 3 potions of mutation {unknown}
 M - a potion of brilliance {unknown}
 U - a potion of ambrosia {unknown}
Comestibles
 f - 23 rations
 Q - 3 chunks of flesh {@w0}


   Skills:
 + Level 11.5 Fighting
 - Level 16.0 Axes
 - Level 1.7 Throwing
 + Level 10.3 Armour
 - Level 2.4 Dodging
 + Level 11.2 Invocations


You had 11 spell levels left.
You didn't know any spells.
Your spell library contained the following spells:

 Spells                   Type           Power        Failure   Level  Hunger
 Animate Skeleton         Necr           N/A          100%        1    ##.....
 Apportation              Tloc           #.....       100%        1    ##.....
 Confusing Touch          Hex            #.....       100%        1    ##.....
 Infusion                 Chrm           #...         100%        1    ##.....
 Summon Small Mammal      Summ           #...         100%        1    ##.....
 Shroud of Golubria       Chrm/Tloc      #.........   100%        2    ###....
 Song of Slaying          Chrm           #.......     100%        2    ###....
 Regeneration             Chrm/Necr      #.........   100%        3    ####...
 Spectral Weapon          Hex/Chrm       #.......     100%        3    ####...


Dungeon Overview and Level Annotations

Branches:
Dungeon (10/15)            Temple (0/1) D:7            Lair (4/6) D:9
 Spider (0/4) Lair:2
  Swamp: Lair:2-4    Shoals: Lair:2-4       Orc: D:9-12

Altars:
Ashenzari
Cheibriados
Fedhas
Hepliaklqana
Makhleb
Nemelex Xobeh
Okawaru
Qazlal
Ru
Trog
Uskayaw
Vehumet
Wu Jian
Xom
Zin
The Shining One

Shops:
D:7 ([(!   D:8 *   D:9 *

Annotations:
D:10 2 runed doors, gravelinger's ghost, novice MiBe
Lair:3 exclusion: oklob plant IceCv exclusion: ice statue


Message History

You see here a wolf skeleton.
You now have 638 gold pieces (gained 40).
You see here a wolf skeleton.
An ice statue comes into view.
The ice statue gestures at you. The bolt of cold hits you!
You take 10 damage, and have 90/110 hp.
The ice statue gestures at you. The bolt of cold hits you!
The ice statue gestures at you. The bolt of cold hits you!
You take 21 damage, and have 69/110 hp.
You slash the ice statue! You hit the ice statue. You hit the ice statue.
The ice statue gestures.
You hit the ice statue but do no damage.
You hit the ice statue but do no damage.
You hit the ice statue but do no damage.
You closely miss the ice beast.
The ice beast hits you but does no damage.
You hit the ice statue. You closely miss the ice beast.
The ice beast hits you but does no damage.
You slash the ice statue! You closely miss the ice beast.
The ice statue gestures.
The ice beast hits you but does no damage.
A demon appears!
The ice statue gestures at you. The shard of ice hits you!
The ice beast hits you but does no damage. x2
You take 11 damage, and have 60/110 hp.
A demon appears!
The ice beast hits you but does no damage.
Your neqoxec gestures.
You block the ice beast's attack.
You take 4 damage, and have 56/110 hp.
You hit the ice statue. You hit the ice beast but do no damage.
You closely miss the ice beast. The ice statue gestures at you.
The freezing blast engulfs you! You block the ice beast's attack.
Your quasit is engulfed in freezing vapours.
You take 12 damage, and have 44/110 hp.
You hit the ice statue but do no damage.
You slash the ice beast! You hit the ice beast.
You are engulfed in freezing vapours.
Your white imp is engulfed in freezing vapours.
Your white imp hits the ice beast.
Your white imp freezes the ice beast.
The ice beast completely resists.
Your neqoxec is engulfed in freezing vapours.
Your neqoxec hits the ice beast!
Your hellwing hits the ice statue but does no damage. x2
The ice beast barely misses you.
Your quasit is engulfed in freezing vapours.
Your quasit closely misses the ice beast.
Your quasit claws the ice beast but does no damage.
Your quasit closely misses the ice beast.
The ice statue gestures.
You block the ice beast's attack.
You take 1 damage, and have 43/110 hp.
You slash the ice statue! You hit the ice beast. x2
You kill the ice beast!
You are engulfed in freezing vapours.
* * * LOW HITPOINT WARNING * * *
Your neqoxec is engulfed in freezing vapours.
You block the ice beast's attack.
Your white imp is engulfed in freezing vapours.
Your white imp closely misses the ice beast.
Your hellwing hits the ice statue but does no damage. x2
Your quasit is engulfed in freezing vapours.
You take 10 damage, and have 33/110 hp.
You strike the helpless ice statue from behind!
You hit the ice statue but do no damage.
You hit the ice beast.
You are engulfed in freezing vapours.
* * * LOW HITPOINT WARNING * * *
The ice beast hits your hellwing but does no damage.
Your neqoxec is engulfed in freezing vapours.
Your neqoxec dies!
Your white imp disappears in a puff of smoke!
Your quasit disappears in a puff of smoke!
Your hellwing hits the ice statue but does no damage.
Your hellwing hits the ice statue.
The ice beast hits you but does no damage.
You take 11 damage, and have 22/110 hp.
You hit the ice statue but do no damage.
You slash the ice beast!
You kill the ice beast!
You are engulfed in freezing vapours.
* * * LOW HITPOINT WARNING * * *
The ice beast barely misses your hellwing.
Your hellwing hits the ice statue! Your hellwing hits the ice statue.
You take 4 damage, and have 18/110 hp.
You slash the ice statue!
You are engulfed in freezing vapours.
* * * LOW HITPOINT WARNING * * *
The ice statue gestures at you. The bolt of cold hits you!
The ice beast barely misses your hellwing.
You take 10 damage, and have 8/110 hp.
You hit the ice statue but do no damage.
You are engulfed in freezing vapours.
You die...

#...## ##...# #..##
######## ##÷##
##....#.####÷.###
##..#.....##.○##.#
#°○####÷.##..##.#.
#☼°###..##..≈.#..#
#@°°##..###..#.##.
#°8°##...####..####
#..4####...####..##
###Y# ###...##...#
.#} ##...##÷.# . #
##......# ##
###...## #####


You could see an ice statue, an ice beast and a friendly hellwing.

Vanquished Creatures
  A hydra (Lair:3)
  2 unseen horrors (D:10)
  2 merfolk sirens (Lair:4)
  6 spiny frogs
  4 rime drakes
  A komodo dragon (Lair:3)
  2 trolls
  A merfolk (Lair:4)
  2 polar bears (IceCv)
  5 blink frogs (Lair:2)
  5 hippogriffs
  Sigmund (D:2)
  9 yaks
  A wraith (Ossuary)
  A human (D:8)
  Grum (D:5)
  5 water moccasins
  4 porcupines
  3 sky beasts
  2 orc warriors (D:9)
  2 ice beasts (D:8)
  4 phantoms
  A necrophage (D:8)
  5 ogres
  2 centaurs
  10 crocodiles
  14 wolves
  8 bullfrogs
  2 big kobolds (D:9)
  Blork the orc (D:6)
  5 gnoll sergeants
  3 scorpions
  10 killer bees
  3 wights (D:10)
  A howler monkey (D:6)
  11 crimson imps
  A bullfrog zombie (D:5)
  20 hounds
  An orc priest (D:6)
  2 bullfrog skeletons
  2 gnoll shamans (D:5)
  A centaur skeleton (D:6)
  2 centaur zombies
  11 orc wizards
  Jessica (D:5)
  3 iguanas
  9 worker ants
  A hound skeleton (D:7)
  A mummy (Ossuary)
  A worker ant zombie (D:10)
  Robin (D:3)
  33 gnolls
  8 adders
  2 shadow imps
  3 oozes
  5 adder zombies
  4 adder skeletons
  3 worms
  4 dart slugs
  11 leopard geckos
  40 orcs
  8 bats
  5 giant cockroaches
  16 goblins
  11 hobgoblins
  24 jackals
  6 quokkas
  A ball python zombie (D:5)
  2 frilled lizards
  6 gnoll skeletons (Ossuary)
  20 kobolds
  2 kobold skeletons (Ossuary)
  A leopard gecko skeleton (D:6)
  2 leopard gecko zombies
  16 orc skeletons (Ossuary)
  4 quokka skeletons
  A quokka zombie (D:9)
  8 rats
443 creatures vanquished.

Vanquished Creatures (collateral kills)
  2 blink frogs (Lair:2)
  An ogre (D:5)
  A gnoll (D:5)
4 creatures vanquished.

Vanquished Creatures (others)
  2 yaks (IceCv)
  A fungus (Lair:2)
  A plant (Lair:2)
4 creatures vanquished.

Grand Total: 451 creatures vanquished

Notes
Turn   | Place    | Note
-------+----------+-------------------------------------------
     0 | D:1      | Firecrotchwizard the Hill Orc Gladiator began the quest for
                  | the Orb.
     0 | D:1      | Reached XP level 1. HP: 18/18 MP: 1/1
   254 | D:1      | Reached XP level 2. HP: 25/25 MP: 2/2
   377 | D:1      | Reached skill level 1 in Armour
   531 | D:1      | Reached XP level 3. HP: 27/30 MP: 3/3
   555 | D:1      | Reached skill level 3 in Fighting
   595 | D:1      | You fall through a shaft!
   865 | D:1      | Reached skill level 5 in Axes
  1304 | D:2      | Found a burning altar of Makhleb.
  1316 | D:2      | Became a worshipper of Makhleb the Destroyer
  1469 | D:2      | Noticed Sigmund
  1481 | D:2      | Killed Sigmund
  1481 | D:2      | Reached skill level 4 in Fighting
  1481 | D:2      | Reached skill level 6 in Axes
  1481 | D:2      | Reached skill level 2 in Armour
  1481 | D:2      | Reached XP level 4. HP: 15/40 MP: 4/4
  1481 | D:2      | Reached XP level 5. HP: 17/46 MP: 5/5
  1736 | D:2      | Found a white marble altar of Elyvilon.
  1739 | D:2      | Found a deep blue altar of Sif Muna.
  1739 | D:2      | Found a glowing silver altar of Zin.
  1748 | D:2      | Found a radiant altar of Vehumet.
  1748 | D:2      | Found a shimmering altar of Xom.
  1748 | D:2      | Found a shimmering altar of Xom.
  1825 | D:2      | Reached XP level 6. HP: 45/52 MP: 6/6
  2036 | D:3      | Reached * piety under Makhleb
  2576 | D:3      | Found a glowing golden altar of the Shining One.
  2579 | D:3      | Reached skill level 3 in Armour
  2598 | D:3      | Found an ornate altar of the Wu Jian Council.
  2598 | D:3      | Found a sacrificial altar of Ru.
  2761 | D:3      | Found an iron altar of Okawaru.
  2761 | D:3      | Found a bloodstained altar of Trog.
  2839 | D:3      | Noticed Robin
  2854 | D:3      | Killed Robin
  2854 | D:3      | Reached skill level 7 in Axes
  3045 | D:4      | Found a sand-covered staircase.
  3055 | Ossuary  | Entered an ossuary
  3055 | Ossuary  | Noticed a wraith
  3055 | Ossuary  | Noticed a wraith
  3055 | Ossuary  | Noticed a wraith
  3187 | Ossuary  | Reached ** piety under Makhleb
  3203 | Ossuary  | Noticed a wraith
  3223 | Ossuary  | Killed a wraith
  3223 | Ossuary  | Reached XP level 7. HP: 39/60 MP: 7/7
  3609 | D:4      | Reached skill level 8 in Axes
  3637 | D:4      | Reached skill level 5 in Fighting
  4024 | D:4      | Reached skill level 4 in Armour
  4024 | D:4      | Reached skill level 1 in Invocations
  4352 | D:5      | Entered Level 5 of the Dungeon
  4434 | D:5      | Found a sparkling altar of Nemelex Xobeh.
  4434 | D:5      | Noticed Jessica
  4442 | D:5      | Killed Jessica
  4585 | D:5      | Reached skill level 2 in Invocations
  4632 | D:5      | Reached XP level 8. HP: 36/69 MP: 9/9
  4636 | D:5      | Reached skill level 9 in Axes
  4659 | D:4      | HP: 16/70 [gnoll sergeant/+0 spear (3)]
  4930 | D:5      | Reached *** piety under Makhleb
  4930 | D:5      | Reached skill level 3 in Invocations
  5054 | D:5      | Reached skill level 6 in Fighting
  5247 | D:5      | Reached skill level 5 in Armour
  5383 | D:5      | Reached skill level 10 in Axes
  5427 | D:5      | Got a shimmering hand axe
  5428 | D:5      | Identified the +1 hand axe "Tite" {freeze, rC+ SInv} (You
                  | found it on level 5 of the Dungeon)
  5657 | D:5      | Reached skill level 4 in Invocations
  5787 | D:5      | Reached XP level 9. HP: 70/78 MP: 12/12
  5923 | D:5      | Reached skill level 5 in Invocations
  5925 | D:5      | Reached **** piety under Makhleb
  5925 | D:5      | Reached skill level 7 in Fighting
  5980 | D:5      | Noticed Grum
  5991 | D:5      | Killed Grum
  6001 | D:5      | Reached skill level 11 in Axes
  6001 | D:5      | Reached skill level 6 in Armour
  6073 | D:6      | Got a faintly glowing war axe
  6074 | D:6      | Identified the cursed +1 war axe "Suiduih" {chop, Int+3}
                  | (You found it on level 6 of the Dungeon)
  6237 | D:6      | Found a blossoming altar of Fedhas.
  6694 | D:6      | Found a glowing silver altar of Zin.
  6697 | D:6      | Found a snail-covered altar of Cheibriados.
  6700 | D:6      | Found a hide-covered altar of Uskayaw.
  6715 | D:6      | Noticed Blork the orc
  6725 | D:6      | Killed Blork the orc
  6806 | D:6      | Reached skill level 6 in Invocations
  6946 | D:7      | Reached ***** piety under Makhleb
  6976 | D:7      | Found Quaqocs's Weapon Shoppe.
  7027 | D:7      | Found a shattered altar of Ashenzari.
  7065 | D:7      | Reached skill level 8 in Fighting
  7114 | D:7      | Found Quto's Distillery.
  7122 | D:7      | Bought a potion of heal wounds for 80 gold pieces
  7132 | D:7      | Reached skill level 12 in Axes
  7142 | D:7      | Reached XP level 10. HP: 63/88 MP: 14/14
  7433 | D:7      | Reached skill level 7 in Armour
  7453 | D:7      | Found Qaedut's Antique Armour Shoppe.
  7455 | D:7      | Found Veok Anka's Weapon Shoppe.
  7459 | D:7      | Bought a runed cloak for 120 gold pieces
  7637 | D:7      | Reached skill level 7 in Invocations
  7729 | D:7      | Found a staircase to the Ecumenical Temple.
  7734 | D:7      | Got a fine ring mail
  7745 | D:7      | Identified the +2 ring mail of Hifiy {Str+3 Dex+4} (You
                  | found it on level 7 of the Dungeon)
  8014 | D:8      | Found Rasanit's Assorted Antiques.
  8315 | D:8      | Reached skill level 13 in Axes
  8503 | D:9      | Found a staircase to the Lair.
  8514 | D:9      | Reached ****** piety under Makhleb
  8515 | D:9      | Reached skill level 9 in Fighting
  8694 | D:9      | Found a stormy altar of Qazlal.
  8703 | D:9      | Found Vopi's General Store.
  8708 | D:9      | Reached skill level 8 in Invocations
  8753 | D:9      | Reached skill level 8 in Armour
  9028 | D:9      | Found a hazy altar of Hepliaklqana.
  9207 | D:10     | Entered Level 10 of the Dungeon
  9264 | D:10     | Reached XP level 11. HP: 84/97 MP: 17/17
  9334 | D:10     | Killed an unseen horror
  9334 | D:10     | Reached skill level 14 in Axes
  9500 | D:10     | Got a pair of ichor-stained gloves
  9511 | D:10     | Identified the +2 pair of gloves of Coh Tiepre {+Fly Str+2}
                  | (You found it on level 10 of the Dungeon)
  9648 | D:10     | Found a large runed door.
  9649 | D:10     | Found a large runed door.
  9652 | D:10     | Noticed gravelinger's ghost (novice MiBe)
  9811 | D:10     | Killed an unseen horror
  9811 | D:10     | Reached skill level 9 in Invocations
 10033 | Lair:1   | Entered Level 1 of the Lair of Beasts
 10342 | Lair:1   | Reached skill level 10 in Fighting
 10771 | Lair:2   | Found a hole to the Spider Nest.
 10940 | Lair:2   | Reached skill level 9 in Armour
 11197 | Lair:2   | Reached skill level 15 in Axes
 11789 | Lair:3   | Reached skill level 10 in Invocations
 11867 | Lair:3   | Reached XP level 12. HP: 108/108 MP: 19/19
 11941 | Lair:3   | Found a blossoming altar of Fedhas.
 12407 | Lair:4   | Noticed a four-headed hydra
 12426 | Lair:3   | HP: 27/108 [poisoned by an orange demon]
 12431 | Lair:3   | HP: 18/108 [poisoned by an orange demon]
 12433 | Lair:3   | Killed a four-headed hydra
 12433 | Lair:3   | Reached skill level 11 in Fighting
 12436 | Lair:3   | HP: 15/110 [poisoned by an orange demon]
 12441 | Lair:3   | HP: 11/110 [poisoned by an orange demon]
 12447 | Lair:3   | HP: 10/110 [poisoned by an orange demon]
 12455 | Lair:3   | HP: 9/110 [poisoned by an orange demon]
 12463 | Lair:3   | HP: 9/110 [poisoned by an orange demon]
 12855 | Lair:4   | Reached skill level 16 in Axes
 12876 | Lair:4   | Reached skill level 10 in Armour
 12898 | Lair:4   | Noticed a seven-headed hydra
 12949 | Lair:4   | Found a frozen archway.
 12965 | Lair:4   | Reached skill level 11 in Invocations
 12971 | IceCv    | Entered an ice cave
 13330 | IceCv    | HP: 22/110 [ice statue] (11)]
 13332 | IceCv    | HP: 8/110 [ice statue] (10)]
 13333 | IceCv    | Engulfed by an ice statue's freezing vapour

Vault maps used:
D:1:      lightli_arrival_quake, minivault_19
D:2:      doesnt_xom_only_xom, nicolae_overflow_crystal_walls, first_ration,
          chequers_serial_rivers_micro_d, chequers_serial_rivers_room_b,
          minmay_bisected, uniq_sigmund
D:3:      gammafunk_temple_overflow_pools, nicolae_overflow_hidden_temple,
          kennysheep_generic_room_2, uniq_robin
D:4:      enter_ossuary_5
D:5:      serial_gnoll_camp, gnoll_camp_mini_doghouse, grums_kennel,
          gnoll_camp_mini_house, gnoll_camp_huts_moat, gnoll_camp_medium_01,
          small_statue_intersection, nemelex_lonely_heart_becter
D:6:      grunt_temple_overflow_diamond, nrook_loot_triangle, fedhas_altar_2,
          uniq_blork_the_orc
D:7:      evilmike_ruin_ashenzari, minmay_temple_entry_nine_rooms, serial_shops,
          kennysheep_mini, nicolae_shop_trees, shop, shop
D:8:      serial_shops, shop, grunt_pizzeria
D:9:      minmay_evil_eye, nicolae_qazlal_general_emergency, lemuel_round_altar,
          serial_shops, nicolae_shop_window_shopping
D:10:     ebering_ghost_disaster_area
Lair:1:   nicolae_quartered_pool_super
Lair:2:   dummy_spider_entry
Lair:3:   minmay_lair_oklob_tunnel, basic_altar, st_stairs_8
Lair:4:   elwin_shoals_entry_stream, portal_ice_cave_rime
Ossuary:  ossuary_due_mausoleum
IceCv:    ice_cave_caverns_02

Skill      XL: |  1  2  3  4  5  6  7  8  9 10 11 12 |
---------------+-------------------------------------+-----
Armour         | 1 2 3 4 5 6 8 9 10 | 10.3
Fighting       | 4 5 6 8 9 10 11 | 11.5
Axes           | 6 7 8 10 12 13 15 16 | 16.0
Invocations    | 2 4 6 8 10 11 | 11.2
Throwing       | |  1.7
Dodging        | |  2.4

Action                   |  1- 3 |  4- 6 |  7- 9 | 10-12 || total
-------------------------+-------+-------+-------+-------++-------
Melee: War axe           |   118 |   160 |   417 |   698 ||  1393
       Hand axe          |       |       |    97 |       ||    97
Throw: Throwing net      |     3 |       |       |       ||     3
Invok: Minor Destruction |       |       |     5 |    14 ||    19
       Lesser Servant of |       |       |     1 |     7 ||     8
       Major Destruction |       |       |       |     2 ||     2
Evoke: Wand              |       |       |       |     1 ||     1
  Use: Scroll            |     7 |       |     3 |     1 ||    11
 Stab: Held in net/web   |     1 |       |       |       ||     1
       Distracted        |       |       |       |     2 ||     2
  Eat: Chunk             |     2 |     6 |    13 |    17 ||    38
       Ration            |       |       |       |     1 ||     1
Armor: Leather armour    |    12 |       |       |       ||    12
       Ring mail         |    49 |    48 |       |    46 ||   143
       Scale mail        |       |    20 |   113 |       ||   133
       Chain mail        |       |       |   138 |    29 ||   167
       Plate armour      |       |       |       |   372 ||   372
Dodge: Dodged            |    70 |    80 |   195 |   131 ||   476
Block: Shield            |       |       |   188 |   335 ||   523

Table legend:
 A = Non-vault XP
 B = Vault XP
 C = Vault XP percentage of total XP
 D = Non-vault monster count
 E = Vault monster count
 F = Vault count percentage of total count
                 A         B        C        D         E       F
            +---------+---------+-------+---------+---------+-------
      Total |   20877 |    5834 |  21.8 |     335 |     112 |  25.1
            +---------+---------+-------+---------+---------+-------
        D:1 |      44 |       0 |   0.0 |      26 |       0 |   0.0
        D:2 |      46 |     235 |  83.6 |      21 |       3 |  12.5
        D:3 |      55 |      24 |  30.4 |      19 |       7 |  26.9
        D:4 |     386 |      84 |  17.9 |      24 |       1 |   4.0
        D:5 |     439 |    1582 |  78.3 |      22 |      56 |  71.8
        D:6 |     792 |      91 |  10.3 |      29 |       1 |   3.3
        D:7 |    1562 |       0 |   0.0 |      40 |       0 |   0.0
        D:8 |    1239 |     189 |  13.2 |      19 |       1 |   5.0
        D:9 |    1868 |     132 |   6.6 |      49 |       2 |   3.9
       D:10 |    3140 |       0 |   0.0 |      30 |       0 |   0.0
     Lair:1 |    1205 |       0 |   0.0 |       7 |       0 |   0.0
     Lair:2 |    3997 |       0 |   0.0 |      18 |       0 |   0.0
     Lair:3 |    4529 |     153 |   3.3 |      23 |       1 |   4.2
     Lair:4 |    1575 |    1963 |  55.5 |       8 |       5 |  38.5
    Ossuary |       0 |     247 | 100.0 |       0 |      26 | 100.0
      IceCv |       0 |    1134 | 100.0 |       0 |       9 | 100.0
            +---------+---------+-------+---------+---------+-------

Vault maps used:
D:1:      lightli_arrival_quake, minivault_19
D:2:      doesnt_xom_only_xom, nicolae_overflow_crystal_walls, first_ration,
          chequers_serial_rivers_micro_d, chequers_serial_rivers_room_b,
          minmay_bisected, uniq_sigmund
D:3:      gammafunk_temple_overflow_pools, nicolae_overflow_hidden_temple,
          kennysheep_generic_room_2, uniq_robin
D:4:      enter_ossuary_5
D:5:      serial_gnoll_camp, gnoll_camp_mini_doghouse, grums_kennel,
          gnoll_camp_mini_house, gnoll_camp_huts_moat, gnoll_camp_medium_01,
          small_statue_intersection, nemelex_lonely_heart_becter
D:6:      grunt_temple_overflow_diamond, nrook_loot_triangle, fedhas_altar_2,
          uniq_blork_the_orc
D:7:      evilmike_ruin_ashenzari, minmay_temple_entry_nine_rooms, serial_shops,
          kennysheep_mini, nicolae_shop_trees, shop, shop
D:8:      serial_shops, shop, grunt_pizzeria
D:9:      minmay_evil_eye, nicolae_qazlal_general_emergency, lemuel_round_altar,
          serial_shops, nicolae_shop_window_shopping
D:10:     ebering_ghost_disaster_area
Lair:1:   nicolae_quartered_pool_super
Lair:2:   dummy_spider_entry
Lair:3:   minmay_lair_oklob_tunnel, basic_altar, st_stairs_8
Lair:4:   elwin_shoals_entry_stream, portal_ice_cave_rime
Ossuary:  ossuary_due_mausoleum
IceCv:    ice_cave_caverns_02

Table legend:
 A = Turns spent in this place as a percentage of turns spent in the entire game.
 B = Non-inter-level travel turns spent in this place as a percentage of non-inter-level travel turns spent in the entire game.
 C = Inter-level travel turns spent in this place as a percentage of turns spent in this place.
 D = Turns resting spent in this place as a percentage of non-inter-level travel turns spent in this place.
 E = Turns spent auto-exploring this place as a percentage of non-inter-level travel turns spent in this place.
 F = Non-inter-level travel turns spent in this place divided by the number of levels of this place that you've seen.
                   A       B       C       D       E      F
               +-------+-------+-------+-------+-------+----------------------
         Total | 100.0 | 100.0 |   6.5 |  21.5 |  55.5 | 779.3
       Dungeon |  73.0 |  73.4 |   5.9 |  18.5 |  57.7 | 915.4
          Lair |  22.0 |  21.3 |   9.8 |  24.3 |  58.5 | 662.8
       Ossuary |   2.3 |   2.4 |   0.0 |  36.8 |  22.2 | 302.0
      Ice Cave |   2.7 |   2.9 |   0.0 |  62.7 |   4.4 | 362.0
               +-------+-------+-------+-------+-------+----------------------

Table legend:
 A = Kills in this place as a percentage of kills in entire the game.
 B = Kills by you in this place as a percentage of kills by you in the entire game.
 C = Kills by friends in this place as a percentage of kills by friends in the entire game.
 D = Other kills in this place as a percentage of other kills in the entire game.
 E = Experience gained in this place as a percentage of experience gained in the entire game.
 F = Experience gained in this place divided by the number of levels of this place that you have seen.
                   A       B       C       D       E      F
               +-------+-------+-------+-------+-------+----------------------
         Total | 100.0 | 100.0 | 100.0 |   N/A | 100.0 | 1669.4
       Dungeon |  78.3 |  78.6 |  50.0 |   N/A |  44.6 | 1190.8
          Lair |  13.9 |  13.5 |  50.0 |   N/A |  50.2 | 3355.5
       Ossuary |   5.8 |   5.9 |   0.0 |   N/A |   0.9 | 247.0
      Ice Cave |   2.0 |   2.0 |   0.0 |   N/A |   4.2 | 1134.0
               +-------+-------+-------+-------+-------+----------------------
